Map: Flooded City

Players

Killme - Winner!

  • Race: Protoss Protoss
  • League: Diamond
  • Spawn Location: 12:00

ultac - Winner!

  • Race: Protoss Protoss
  • League: Silver
  • Spawn Location: 12:00

quik

  • Race: Zerg Zerg
  • League: Silver
  • Spawn Location: 6:00

Alexei

  • Race: Terran Terran
  • Spawn Location: 6:00

VOD

Have the link to the VOD?

Description

Time

  • Played on: Nov. 10, 2017, 4:39 p.m.
  • Length: 16:35
Show
View Real Time Build Order
Export as new Build Order

Killme Protoss - Winner!

Build Orders: Oracle Opening 

Get SALT Encoding   

  12  0:01  Probe (Chrono Boost)  
  13  0:12  Probe (Chrono Boost)  
  14  0:21  Pylon  
  14  0:28  Probe (Chrono Boost)  
  15  0:40  Gateway  
  15  0:42  Probe (Chrono Boost)  
  16  0:50  Assimilator  
  16  0:53  Probe (Chrono Boost)  
  17  1:03  Probe (Chrono Boost)  
  18  1:14  Probe (Chrono Boost)  
  19  1:24  Probe (Chrono Boost)  
  20  1:33  Cybernetics Core  
  20  1:40  Pylon  
  20  1:41  Probe (Chrono Boost)  
  20  1:42  Assimilator  
  20  1:43  Zealot  
  23  1:59  Probe (Chrono Boost)  
  24  2:09  Pylon  
  24  2:15  Stargate  
  24  2:18  Probe (Chrono Boost)  
  25  2:23  Warp Gate (Chrono Boost)  
  25  2:27  Zealot  
  27  2:31  Probe  
  28  2:43  Mothership Core  
  30  3:04  Probe  
  30  3:05  Oracle (Chrono Boost)  
  34  3:15  Assimilator  
  34  3:23  Zealot  
  36  3:44  Twilight Council  
  36  3:46  Pylon  
  36  4:10  Phoenix (Chrono Boost)  
  36  4:12  Probe  
  36  4:13  Nexus  
  39  4:24  Probe  
  40  4:25  Pylon  
  40  4:28  Charge (Chrono Boost)  
  40  4:30  Gateway  
  40  4:36  Probe  
  40  4:37  Phoenix  
  43  4:48  Probe  
  44  5:00  Probe  
  45  5:18  Phoenix  
  47  5:28  Gateway  
  47  5:29  Gateway  
  47  5:34  Pylon  
  47  5:36  Gateway  
  47  5:41  Gateway  
  47  5:42  Gateway, Probe  
  47  5:43  Phoenix  
  47  5:44  Probe  
  51  5:53  Probe  
  51  5:54  Assimilator  
  51  5:56  Probe  
  53  6:08  Pylon x2  
  53  6:11  Pylon  
  50  6:59  Stargate  
  50  7:00  Probe  
  50  7:02  Probe  
  52  7:11  Probe  
  52  7:13  Gateway  
  52  7:14  Probe  
  52  7:15  Gateway  
  54  7:18  Dark Shrine  
  54  7:22  Probe  
  54  7:26  Probe  
  56  7:32  Phoenix, Forge x2  
  57  7:49  Nexus  
  57  7:57  Phoenix  
  53  8:09  Zealot x2  
  53  8:10  Zealot x3  
  53  8:11  Zealot  
  50  8:26  Void Ray x2 (Chrono Boost)  
  56  8:46  Zealot x5  
  56  8:47  Zealot  
  62  9:02  Protoss Ground Weapons Level 1 (Chrono Boost)  
  62  9:03  Protoss Ground Armor Level 1 (Chrono Boost)  
  62  9:04  Probe  
  63  9:15  Probe  
  62  9:19  Zealot x3  
  62  9:20  Zealot x3  
  74  9:26  Probe  
  74  9:27  Gateway  
  74  9:31  Gateway x2  
  75  9:35  Gateway  
  75  9:36  Probe  
  75  9:37  Gateway  
  76  9:42  Gateway  
  76  9:44  Pylon  
  68  9:47  Probe  
  66  9:55  Dark Templar x4  
  66  9:56  Dark Templar x2  
  78  10:06  Shadow Stride  
  64  10:34  Zealot x3  
  64  10:35  Zealot x3  
  76  10:48  Protoss Ground Armor Level 2 (Chrono Boost)  
  76  10:49  Protoss Ground Weapons Level 2 (Chrono Boost)  
  76  10:50  Zealot x2  
  76  10:51  Zealot x3  
  82  11:18  Probe, Pylon  
  82  11:20  Gateway  
  82  11:22  Pylon  
  81  11:28  Probe  
  82  11:38  Void Ray x2  
  82  11:39  Probe  
  83  11:49  Probe  
  83  11:51  Assimilator  
  83  11:52  Assimilator, Pylon  
  83  11:53  Pylon  
  83  11:54  Pylon  
  84  12:00  Probe  
  85  12:09  Gateway  
  85  12:10  Gateway, Pylon  
  85  12:11  Pylon  
  85  12:13  Resonating Glaives  
  69  13:00  Zealot x4  
  69  13:01  Zealot x5  
  69  13:02  Protoss Ground Weapons Level 3 (Chrono Boost)  
  87  13:09  Nexus  
  87  13:20  Templar Archives  
  87  13:37  Zealot x6  
  99  13:51  Probe  
  99  13:52  Probe x2  
  102  14:02  Probe  
  102  14:04  Probe  
  102  14:05  Probe  
  105  14:17  Probe x2  
  107  14:20  Psionic Storm  
  107  14:25  Assimilator, Cybernetics Core  
  107  14:26  Assimilator  
  105  14:42  High Templar x2  
  105  14:43  High Templar x6  
  105  14:44  High Templar x4  
  129  14:46  Archon  
  129  14:47  Archon x2  
  129  14:48  Archon x3  
  97  16:15  High Templar x4  
  97  16:16  High Templar x2  
  97  16:18  Zealot x5  
  109  16:19  Zealot x2  
  109  16:20  Zealot  
  109  16:22  Pylon  
  109  16:23  Pylon  
  109  16:24  Pylon  
  119  16:25  Nexus  
Show
View Real Time Build Order
Export as new Build Order

ultac Protoss - Winner!

Build Orders:  

Get SALT Encoding   

  12  0:06  Probe (Chrono Boost)  
  13  0:22  Probe (Chrono Boost)  
  13  0:25  Pylon  
  14  0:32  Probe (Chrono Boost)  
  15  0:40  Assimilator  
  15  0:43  Probe (Chrono Boost)  
  16  0:55  Gateway  
  16  0:57  Probe (Chrono Boost)  
  17  1:07  Pylon  
  17  1:08  Probe (Chrono Boost)  
  18  1:24  Probe (Chrono Boost)  
  19  1:34  Assimilator  
  19  1:45  Probe (Chrono Boost)  
  19  1:46  Cybernetics Core  
  20  2:09  Probe (Chrono Boost)  
  20  2:10  Gateway  
  21  2:15  Pylon  
  21  2:27  Mothership Core (Chrono Boost)  
  23  2:31  Adept  
  25  2:50  Gateway  
  25  2:53  Pylon  
  25  2:57  Pylon  
  25  2:58  Warp Gate (Chrono Boost)  
  25  3:06  Adept  
  25  3:07  Stalker  
  29  3:20  Probe  
  29  3:26  Gateway  
  30  3:32  Stalker  
  32  3:37  Adept, Forge  
  34  3:45  Twilight Council  
  36  3:56  Sentry  
  36  4:03  Adept  
  38  4:18  Stalker  
  38  4:20  Sentry  
  42  4:32  Probe  
  43  4:39  Stalker, Adept  
  43  4:44  Probe  
  48  4:56  Probe  
  49  5:08  Probe  
  49  5:11  Nexus  
  50  5:17  Pylon  
  50  5:18  Resonating Glaives  
  50  5:22  Probe  
  51  5:29  Protoss Ground Weapons Level 1 (Chrono Boost)  
  51  5:34  Probe  
  52  5:37  Pylon  
  52  5:52  Robotics Facility  
  53  5:57  Probe  
  53  6:02  Adept  
  55  6:09  Probe  
  56  6:21  Probe  
  56  6:22  Probe  
  58  6:26  Pylon  
  58  6:28  Pylon  
  58  6:33  Probe  
  59  6:50  Probe  
  59  6:51  Probe  
  61  7:02  Assimilator  
  61  7:08  Robotics Bay  
  61  7:09  Probe  
  61  7:10  Probe  
  63  7:16  Assimilator  
  63  7:21  Protoss Ground Armor Level 1 (Chrono Boost), Blink  
  63  7:22  Probe  
  64  7:25  Stalker x3  
  70  7:50  Probe  
  71  7:52  Probe  
  72  8:02  Nexus  
  61  8:26  Stalker x2  
  61  8:27  Stalker  
  43  8:53  Stalker  
  45  9:05  Pylon  
  45  9:07  Pylon x2  
  45  9:10  Pylon  
  45  9:14  Gateway  
  45  9:16  Colossus  
  51  9:29  Stalker  
  53  9:50  Stalker x2  
  57  9:53  Gateway  
  57  9:54  Gateway x2  
  57  9:59  Mothership Core  
  59  10:07  Adept  
  59  10:27  Colossus  
  47  10:35  Stalker x2  
  47  10:36  Stalker  
  51  11:02  Gateway  
  51  11:05  Gateway  
  51  11:06  Sentry  
  53  11:34  Immortal, Pylon  
  53  11:37  Pylon  
  53  11:39  Stalker x3  
  63  12:04  Probe  
  63  12:05  Nexus, Probe  
  65  12:22  Probe  
  65  12:23  Probe  
  65  12:25  Pylon  
  67  12:32  Probe  
  67  12:35  Stalker x2, Probe  
  67  12:36  Stalker x2  
  77  12:37  Gateway  
  77  12:39  Gateway  
  77  12:41  Protoss Ground Weapons Level 2 (Chrono Boost)  
  77  12:42  Gateway  
  77  12:49  Templar Archives  
  77  12:53  Probe  
  77  12:54  Probe  
  79  13:03  Probe  
  80  13:13  Colossus  
  80  13:17  Stalker x2  
  80  13:19  Probe  
  90  13:20  Probe  
  90  13:24  Psionic Storm  
  92  13:28  Assimilator  
  92  13:29  Pylon  
  92  13:32  Assimilator, Probe  
  93  13:46  Forge  
  93  13:49  Pylon  
  93  14:06  High Templar x2  
  93  14:07  Immortal  
  101  14:15  Sentry  
  103  14:31  Pylon  
  103  14:33  Pylon  
  103  14:34  Pylon  
  103  14:39  Gateway  
  103  14:41  Gateway  
  103  14:44  Gateway  
  103  14:45  High Templar x3  
  109  15:10  Colossus  
  74  16:02  High Templar x3  
  80  16:05  Observer  
  63  16:22  High Templar x2  
  67  16:28  Adept x2  
  67  16:29  Adept x2  
  67  16:30  Adept  
Show
View Real Time Build Order
Export as new Build Order

quik Zerg 

Build Orders: Pool First 

Get SALT Encoding   

  12  0:01  Drone  
  13  0:13  Overlord  
  13  0:18  Drone  
  14  0:31  Drone x2  
  16  0:45  Spawning Pool  
  15  0:51  Drone  
  15  0:52  Drone  
  17  1:07  Overlord  
  17  1:18  Extractor  
  17  1:25  Drone x2  
  18  1:33  Zergling x2  
  19  1:41  Zergling x2  
  19  1:44  Queen  
  22  1:52  Zergling x2  
  23  2:06  Drone  
  24  2:14  Drone  
  25  2:19  Metabolic Boost  
  25  2:27  Drone  
  25  2:28  Hatchery  
  25  2:33  Overlord  
  25  2:42  Queen  
  27  2:45  Drone  
  28  2:55  Drone x3  
  31  2:59  Drone  
  32  3:12  Overlord  
  32  3:28  Drone  
  33  3:40  Drone x2  
  33  3:41  Drone  
  36  3:42  Drone  
  36  3:44  Drone  
  36  3:47  Lair  
  38  3:49  Hatchery  
  38  3:52  Extractor  
  36  3:58  Evolution Chamber  
  35  4:04  Drone x4  
  35  4:05  Drone x2  
  41  4:10  Extractor  
  41  4:11  Extractor  
  41  4:12  Drone  
  40  4:24  Baneling Nest  
  40  4:31  Zerg Melee Weapons Level 1  
  39  4:32  Evolution Chamber  
  38  4:43  Drone x6  
  38  4:44  Overlord  
  44  5:00  Hydralisk Den  
  44  5:01  Drone  
  44  5:02  Drone x5  
  44  5:03  Drone  
  50  5:17  Drone x3  
  53  5:21  Zerg Ground Armor Level 1  
  53  5:27  Overlord x2  
  53  5:36  Muscular Augments  
  53  5:37  Hydralisk  
  53  5:38  Hydralisk  
  57  5:54  Hydralisk x3  
  63  5:58  Hatchery  
  63  6:04  Hydralisk x3  
  68  6:16  Overlord  
  68  6:17  Overlord x3  
  68  6:21  Hydralisk x2  
  72  6:34  Hydralisk  
  72  6:35  Hydralisk x4  
  82  6:53  Hydralisk x2  
  82  6:54  Hydralisk x5  
  84  6:58  Drone x2  
  84  7:00  Overlord  
  98  7:05  Overlord  
  98  7:09  Drone  
  98  7:10  Drone x3  
  98  7:12  Drone  
  98  7:14  Zerg Missile Weapons Level 1  
  103  7:21  Infestation Pit  
  102  7:32  Hydralisk  
  102  7:33  Hydralisk x3  
  110  7:40  Queen x2  
  114  7:45  Drone x2  
  114  7:46  Drone x3  
  115  7:57  Spore Crawler  
  109  7:58  Spore Crawler  
  109  8:00  Spore Crawler  
  92  8:14  Hydralisk  
  92  8:15  Hydralisk x6  
  87  8:41  Hydralisk  
  87  8:42  Hydralisk x2  
  77  9:21  Zergling x10  
  77  9:22  Zergling x16  
  88  9:47  Zergling x10  
  88  9:48  Zergling x14  
  100  10:01  Zergling x2  
  100  10:02  Zergling x20  
  83  10:29  Hydralisk x2  
  83  10:30  Hydralisk x15  
  105  10:41  Zergling x2  
  105  10:42  Zergling x12  
  85  11:29  Zergling x2  
  85  11:30  Zergling x38  
  85  11:31  Zergling x6  
  108  11:49  Hive  
  108  11:53  Zerg Missile Weapons Level 2, Zerg Ground Armor Level 2  
  108  11:56  Hydralisk x2  
  108  11:59  Overlord  
  108  12:00  Overlord x7  
  110  12:23  Hydralisk  
  110  12:24  Hydralisk x5  
  122  12:33  Overseer x5  
  122  12:43  Pneumatized Carapace  
  122  13:06  Spore Crawler  
  122  13:07  Spore Crawler  
  122  13:08  Spore Crawler  
  122  13:09  Spore Crawler x2  
  117  13:23  Extractor  
  117  13:25  Extractor  
  117  13:26  Extractor, Hatchery  
  113  13:28  Extractor  
  112  13:38  Drone x5  
  112  13:39  Drone  
  118  13:47  Hatchery  
  117  13:50  Extractor x2  
  115  14:42  Overlord  
  115  14:43  Overlord x6  
  115  14:44  Overlord x3  
  115  14:45  Hydralisk  
  115  14:46  Hydralisk x4  
  124  15:06  Drone x6  
  124  15:07  Drone x2  
Show
View Real Time Build Order
Export as new Build Order

Alexei Terran 

Build Orders: MMM Bio 

Get SALT Encoding   

  12  0:01  SCV  
  13  0:15  Supply Depot  
  13  0:19  SCV  
  14  0:31  SCV  
  15  0:37  Barracks  
  15  0:48  SCV  
  16  1:01  SCV  
  17  1:13  SCV  
  18  1:36  SCV  
  19  1:46  Marine  
  20  1:48  SCV  
  20  1:50  Command Center  
  21  1:54  Refinery  
  21  2:02  Barracks  
  21  2:05  Barracks  
  21  2:09  SCV  
  21  2:10  Barracks  
  22  2:25  SCV  
  23  2:41  Supply Depot  
  23  2:43  Supply Depot  
  23  2:46  Supply Depot  
  23  2:53  Engineering Bay  
  23  3:00  Barracks Tech Lab  
  23  3:01  SCV, Marine  
  23  3:03  Barracks Reactor  
  25  3:13  SCV x2  
  27  3:25  SCV x2  
  27  3:26  Marine x2  
  31  3:27  Marine  
  32  3:36  Refinery  
  32  3:39  Orbital Command  
  32  3:40  SCV  
  33  3:45  Combat Shields  
  33  3:47  Barracks Reactor  
  34  3:55  SCV  
  34  3:56  Marine  
  34  3:57  Marine x3  
  38  4:13  SCV x2  
  38  4:16  Marauder  
  42  4:32  Marine x4  
  42  4:33  Barracks Tech Lab  
  42  4:35  Orbital Command  
  46  4:39  Refinery  
  46  4:41  Marauder  
  48  4:46  SCV  
  48  4:49  Terran Infantry Weapons Level 1  
  29  5:31  SCV x2  
  31  5:43  SCV x2  
  33  5:50  Marine x3  
  33  5:51  Marine  
  33  5:52  Marauder x2  
  33  5:55  SCV  
  33  5:56  SCV  
  43  6:07  Stimpack  
  43  6:08  SCV x2  
  45  6:13  Marauder x2  
  49  6:20  SCV x2  
  51  6:28  Marine x3  
  51  6:29  Marine  
  51  6:32  SCV x2  
  57  6:34  Marauder  
  57  6:36  Marauder  
  61  7:00  Missile Turret  
  61  7:01  SCV  
  62  7:13  Supply Depot  
  62  7:15  Supply Depot  
  62  7:35  SCV x2  
  64  7:38  Supply Depot x2  
  64  7:46  Missile Turret  
  64  7:47  SCV x2  
  66  7:57  Marine x3  
  66  7:58  Marauder, Marine  
  72  7:59  Marauder, SCV x2  
  76  8:11  SCV  
  77  8:17  SCV  
  77  8:18  Marine  
  77  8:19  Marine x3  
  80  8:20  Marauder x2  
  80  8:23  SCV  
  79  8:30  SCV  
  70  8:43  SCV x2  
  70  8:44  Marine  
  70  8:45  Marine x3  
  70  8:46  Marauder x2  
  80  8:55  SCV x2  
  80  9:07  SCV x2  
  82  9:12  Factory  
  82  9:14  Refinery  
  82  9:19  SCV x2  
  82  9:23  Command Center  
  84  9:31  Marine x3  
  84  9:32  Marauder x2, Marine  
  84  9:37  Concussive Shells  
  92  9:39  Terran Infantry Armor Level 1  
  92  9:54  Marine  
  92  9:55  Marine  
  94  10:08  Marine  
  94  10:19  Marine  
  94  10:21  Marine  
  93  10:22  Marauder  
  93  10:26  Marauder  
  90  10:32  SCV x2  
  73  10:35  Marine x2  
  73  10:37  Marine  
  73  10:39  Marine  
  71  10:44  Marauder, SCV  
  71  10:45  SCV  
  71  10:47  Marauder  
  71  10:49  Command Center  
  71  10:53  Marine x2  
  71  10:57  SCV x2  
  74  11:05  Marauder  
  74  11:09  Marauder, Marine x2  
  63  11:11  Marine  
  63  11:17  Marine  
  59  11:26  Marauder  
  59  11:27  Marine x2  
  59  11:30  Marauder, Marine  
  66  11:35  Marine  
  67  11:45  Marine  
  68  11:48  Marauder  
  68  11:51  Marauder  
  72  12:02  Command Center  
  72  12:05  SCV x2  
  72  12:06  Marine x3  
  72  12:07  Marine  
  77  12:09  Marauder  
  77  12:13  Marauder  
  78  12:17  SCV  
  78  12:31  Marauder  
  80  12:40  Factory Tech Lab  
  80  12:48  Starport  
  80  13:01  Siege Tank  
  83  13:28  Command Center  
  83  13:29  Marine  
  83  13:30  Marine x4  
  83  13:31  Marauder  
  90  13:47  Marine x2  
  90  13:48  Marine x2  
  94  13:57  Supply Depot  
  94  14:00  Supply Depot  
  94  14:04  Infernal Pre-Igniter, Supply Depot  
  94  14:06  SCV  
  94  14:19  Medivac, Marauder x2, SCV  
  101  14:48  Missile Turret x3  
  101  14:58  Marine x4  
  101  14:59  Marauder x2  
  109  15:07  Missile Turret  
  109  15:10  SCV x2  
  111  15:20  Marauder, Siege Tank  
  111  15:21  Marauder  
  118  15:23  Starport Reactor  
  118  15:34  SCV  
  119  15:41  Supply Depot  
  119  15:42  Marauder  
Tags
 
Add a new tag
Caveats
  • Supply blocks, unpowered buildings, or Contaminate may cause inaccurate times.
  • Supply counts are checked every 10 seconds.